 Dungeon Crawl Stone Soup version 0.24.0-2-g5b39cebb1c (webtiles) character file.

Game seed: 15219706764199827009, levelgen mode: deterministic

189899 Amplified the Severer (level 18, -20/118 HPs)
             Began as a Gargoyle Venom Mage on Oct 29, 2019.
             Was the Champion of Vehumet.
             Killed by miscasting Freezing Cloud (28 damage)
             ... on level 2 of the Elven Halls.
             The game lasted 01:05:51 (35359 turns).

Amplified the Severer (Gargoyle Venom Mage)        Turns: 35359, Time: 01:05:52

Health: -20/118    AC: 27    Str: 14 (16) XL:     18   Next: 15%
Magic:  28/34      EV: 15    Int: 22 (25) God:    Vehumet [******]
Gold:   2427       SH:  9    Dex:  3 (10) Spells: 5/42 levels left

rFire    . . .     SeeInvis .   x - +9 broad axe (elec)
rCold    + . .     Gourm    .   h - +2 buckler
rNeg     + . .     Faith    .   d - +1 ring mail
rPois    ∞         Spirit   .   (no helmet)
rElec    +         Reflect  +   V - +0 cloak
rCorr    .         Harm     .   f - +2 pair of gloves
MR       +....                  J - +0 pair of boots
Stlth    +.........             a - +3 amulet of reflection
HPRegen  0.29/turn              m - ring of protection from cold
MPRegen  0.24/turn              t - +4 ring of evasion

@: brilliant, flying, very slightly contaminated
A: big wings, negative energy resistance 1, electricity resistance, unbreathing,
petrification resistance, rot immunity, AC +13
}: 1/15 runes: gossamer
a: Stop Flying, Renounce Religion


You were on level 2 of the Elven Halls.
You worshipped Vehumet.
Vehumet was exalted by your worship.
You were not hungry.

You visited 7 branches of the dungeon, and saw 34 of its levels.
You also visited: Ossuary.

You collected 3201 gold pieces.
You spent 774 gold pieces at shops.

Inventory:

Hand Weapons
 q - the +6 trident of Epsuos {antimagic, MR+}
   (You found it on level 9 of the Dungeon)

   It reduces the magical energy of the wielder, and disrupts the spells and
   magical abilities of those hit.
   Natural abilities and divine invocations are not affected.
   It affects your resistance to hostile enchantments.
 x - a +9 broad axe of electrocution (weapon)
 C - a +2 hand axe of flaming
 W - the cursed +1 war axe of Skirmishing {freeze, rPois rF- SInv Stlth+, unknown}
   (You found it on level 1 of the Elven Halls)

   It has been specially enchanted to freeze those struck by it, causing extra
   injury to most foes and up to half again as much damage against particularly
   susceptible opponents.
   It can also slow down cold-blooded creatures.
   It makes you vulnerable to fire.
   It protects you from poison.
   It lets you see invisible.
   It makes you more stealthy.
   It has a curse placed upon it.
Missiles
 j - 2 throwing nets
 l - 26 poisoned darts
 r - 8 atropa-tipped darts (quivered)
 R - 7 curare-tipped darts
Armour
 d - a +1 ring mail (worn)
 f - a +2 pair of gloves (worn)
 h - a +2 buckler (worn)
 u - the +1 leather armour "Wiph" {*Drain rC+ MR++}
   (You found it on level 14 of the Dungeon)

   It protects you from cold.
   It affects your resistance to hostile enchantments.
   It causes draining when unequipped.
 J - a +0 pair of boots (worn)
 V - a +0 cloak (worn)
Jewellery
 a - a +3 amulet of reflection (around neck)
 m - a ring of protection from cold (left hand)
 n - an uncursed amulet of regeneration
 o - a +6 ring of intelligence
 t - a +4 ring of evasion (right hand)
 z - an uncursed ring of fire
 N - a +6 ring of strength
 O - an uncursed ring of wizardry {unknown}
 S - a +4 ring of intelligence
Wands
 g - a wand of disintegration (5)
 y - a wand of iceblast (34)
 D - a wand of paralysis (24)
 E - a wand of flame (76)
 H - a wand of polymorph (26)
 M - a wand of acid (5)
Scrolls
 k - 3 scrolls of fog
 s - 31 scrolls of remove curse
 v - 2 scrolls of teleportation
 A - a scroll of fear
 B - 9 scrolls of identify
 G - a scroll of amnesia
 K - a scroll of enchant weapon
 L - 4 scrolls of immolation
 P - 4 scrolls of vulnerability
Potions
 b - 6 potions of flight
 e - a potion of magic
 p - 6 potions of brilliance
 w - 6 potions of lignification
 F - 3 potions of mutation
 I - a potion of cancellation
 Q - a potion of ambrosia
Miscellaneous
 U - a phantom mirror
Comestibles
 c - 19 rations
 X - 4 chunks of flesh


   Skills:
 * Level 14.8 Fighting
 - Level 18.0 Axes
 * Level 8.1 Armour
 - Level 9.0 Dodging
 - Level 2.1 Stealth
 - Level 5.0 Shields
 * Level 12.9 Spellcasting
 - Level 3.4 Conjurations
 - Level 4.2 Summonings
 - Level 2.7 Fire Magic
 - Level 1.8 Air Magic
 - Level 5.1 Poison Magic


You had 5 spell levels left.
You knew the following spells:

 Your Spells              Type           Power        Failure   Level  Hunger
a - Spellforged Servitor  Conj/Summ      #####.....   73%         7    ######.
b - Poisonous Vapours     Pois/Air       #####.       1%          2    None
c - Mephitic Cloud        Conj/Pois/Air  #####...     1%          3    None
d - Confusing Touch       Hex            ####..       1%          1    None
e - Conjure Flame         Conj/Fire      #####...     1%          3    None
f - Olgreb's Toxic Radia  Pois           ######..     1%          4    None
g - Shatter               Erth           ####......   100%        9    #######
h - Blink                 Tloc           N/A          1%          2    None
i - Freezing Cloud        Conj/Ice/Air   #####.....   47%         6    #####..

Your spell library contained the following spells:

 Spells                   Type           Power        Failure   Level  Hunger
 Ignition                 Fire           #####.....   100%        8    #######
 Glaciate                 Conj/Ice       ####......   100%        9    #######
 Animate Skeleton         Necr           N/A          1%          1    None
 Apportation              Tloc           ####..       1%          1    None
 Magic Dart               Conj           ####         1%          1    None
 Sting                    Conj/Pois      ####         1%          1    None
 Summon Small Mammal      Summ           ####         1%          1    None
 Call Imp                 Summ           #####...     1%          2    None
 Slow                     Hex            ####....     1%          2    None
 Confuse                  Hex            ####....     3%          3    None
 Gell's Gravitas          Tloc           ####......   3%          3    None
 Venom Bolt               Conj/Pois      #####.....   4%          5    ###....
 Petrify                  Tmut/Erth      ####....     10%         4    None
 Metabolic Englaciation   Hex/Ice        ####......   22%         5    ###....
 Yara's Violent Unravell  Hex/Tmut       ####......   22%         5    ###....
 Haunt                    Necr/Summ      #####.....   89%         7    ######.
 Borgnjor's Revivificati  Necr           ####......   100%        8    #######
 Death's Door             Chrm/Necr      ####......   100%        8    #######
 Infestation              Necr           ####......   100%        8    #######
 Necromutation            Tmut/Necr      ####......   100%        8    #######


Dungeon Overview and Level Annotations

Branches:
Dungeon (15/15)            Temple (1/1) D:5            Lair (6/6) D:8
  Swamp (4/4) Lair:3       Spider (4/4) Lair:4        Slime (0/5) Lair:6
    Orc (2/2) D:9             Elf (1/3) Orc:2        Vaults (0/5) D:14
Ossuary (visited)
 Depths: D:15

Altars:
Ashenzari
Cheibriados
Dithmenos
Elyvilon
Fedhas
Gozag
Hepliaklqana
Kikubaaqudgha
Makhleb
Nemelex Xobeh
Okawaru
Qazlal
Ru
Sif Muna
Trog
Uskayaw
Vehumet
Wu Jian
Xom
Yredelemnul
Zin
The Shining One
Lugonu

Shops:
D:6 =   Orc:2 (=?}?

Portals:
Trove: D:12 (give 2 scrolls of acquirement)

Annotations:
Lair:6 Rupert
Spider:3 Restore stats
Spider:4 Arachne


Innate Abilities, Weirdness & Mutations

You are resistant to torment.
Your stone body is resilient. (AC +13)
You are immune to poison.
Your large and strong wings let you fly indefinitely.
You resist negative energy. (rN+)
You are resistant to electric shocks. (rElec)
You can survive without breathing.
You are immune to petrification.
You are immune to rotting.


Message History

You feel better.
Unknown command.
Casting: Olgreb's Toxic Radiance (safe; 4% risk of failure)
Confirm with . or Enter, or press ? or * to list all spells.
Okay, then.
You feel clever all of a sudden.
The deep elf mage casts a spell.
Unknown command.
Casting: Olgreb's Toxic Radiance (safe; 1% risk of failure)
Confirm with . or Enter, or press ? or * to list all spells.
The spell is very dangerous to cast (47% risk of failure)!
Continue anyway? [Y]es or [N]o only, please.
The spell is very dangerous to cast (47% risk of failure)!
Continue anyway?
Aiming: Freezing Cloud (very dangerous; 47% risk of failure)
Press: ? - help, Dir - move target cursor You miscast Freezing Cloud.
You are very lightly contaminated with residual magic.
There is a sudden explosion of magical energy!
The explosion engulfs you!!
You die...

##....#......
#...###......... #...##
##.......## . #.....#
#.........## ..
.e.....e#.....e.....#...
.......... ...........
........... ..Ee...
...##...##.. #...# ..#
#.## #. #@# ###


You could see a deep elf blademaster, a deep elf mage and a fire elemental.

Vanquished Creatures
  Jorgrun (D:13)
  Kirke (Lair:5)
  An orc warlord (Orc:1)
  A deep elf sorcerer (Elf:1)
  4 ghost moths (Spider:4)
  An emperor scorpion (Spider:2)
  An ironheart preserver (D:14)
  3 entropy weavers
  Azrael (D:13)
  A minotaur (D:13)
  4 spark wasps
  The ghost of Xeymp the Imperceptible, a journeyman SpEn of Gozag (D:13)
  An ettin (Orc:2)
  A fire dragon (D:14)
  A deep elf high priest (Elf:1)
  3 ogre magi
  Josephine (D:13)
  Harold (Orc:1)
  9 hydras
  3 centaur warriors
  A shambling mangrove (Swamp:2)
  10 two-headed ogres
  A dancing weapon (Elf:1)
  4 death yaks
  9 alligators
  A queen ant (Spider:3)
  A tengu warrior (D:14)
  An orc high priest (Elf:1)
  A deep elf knight (Elf:1)
  Sonja (Lair:6)
  A skeletal warrior (D:10)
  A spriggan druid (Swamp:3)
  2 deep trolls (Orc:2)
  An unseen horror (D:13)
  3 swamp dragons
  20 wolf spiders
  14 deep elf magi
  A wolf spider zombie (D:12)
  Pikel (D:4)
  A deep elf archer (Elf:1)
  19 orb spiders
  11 ugly things
  3 orc knights
  3 orc sorcerers
  5 cyclopes
  A manticore (D:15)
  2 moths of wrath (Spider:4)
  6 elephants
  2 gargoyles
  2 black mambas (Lair:4)
  9 spiny frogs
  6 komodo dragons
  2 yaktaurs
  10 kobold demonologists
  4 rime drakes
  An efreet (D:13)
  A freezing wraith (D:14)
  6 demonic crawlers
  14 trolls
  6 polar bears
  14 jumping spiders
  8 tyrant leeches
  23 hornets
  23 slime creatures
  19 dream sheep
  3 bog bodies
  16 blink frogs
  7 hippogriffs
  4 shadows
  25 tarantellas
  41 redbacks
  18 spriggans
  A vampire (D:12)
  A water elemental (Elf:1)
  5 wyverns
  26 yaks
  6 wraiths (D:13)
  6 hogs (Lair:5)
  23 vampire mosquitoes
  A basilisk (D:14)
  2 steam dragons
  6 fire elementals
  13 insubstantial wisps
  3 soldier ants
  An acid dragon (D:13)
  12 swamp worms
  4 wargs (Orc:1)
  8 porcupines
  13 water moccasins
  3 hell hounds
  27 orc warriors
  A hornet zombie (D:14)
  6 swamp drakes
  4 black bears
  2 slaves (D:5)
  8 ice beasts
  2 sky beasts
  An eye of draining (D:11)
  A necrophage (D:11)
  4 boggarts (Lair:6)
  23 ogres
  23 wolves
  14 centaurs
  8 crocodiles
  2 big kobolds
  Blork the orc (D:6)
  19 bullfrogs
  5 earth elementals
  2 wyvern zombies
  A wyvern skeleton (D:10)
  3 scorpions
  7 wights
  10 electric eels
  A howler monkey (D:10)
  7 crimson imps
  11 jellies
  A quasit (D:6)
  A bullfrog skeleton (D:5)
  17 orc priests
  3 hounds
  4 centaur skeletons
  A centaur zombie (D:10)
  A gnoll shaman (D:10)
  Terence (D:2)
  4 iguanas
  14 orc wizards
  22 worker ants
  7 big kobold zombies (Ossuary)
  2 hound zombies (D:10)
  A hound skeleton (D:9)
  A mummy (Ossuary)
  4 worker ant zombies
  A howler monkey skeleton (D:5)
  3 gnolls (D:10)
  13 adders
  A shadow imp (D:14)
  A white imp (D:10)
  An ufetubus (D:10)
  2 adder skeletons (D:5)
  5 worms
  4 dart slugs
  2 leopard geckos
  67 orcs
  3 spectral bats (Ossuary)
  3 ball pythons
  7 bats
  11 giant cockroaches
  6 hobgoblins
  8 jackals
  18 kobolds
  7 quokkas
  2 bat simulacra (Ossuary)
  3 frilled lizards
  5 gnoll zombies (Ossuary)
  17 goblins
  3 goblin simulacra (Ossuary)
  6 goblin zombies
  6 hobgoblin zombies (Ossuary)
  3 kobold simulacra (Ossuary)
  3 kobold zombies (Ossuary)
  5 orc zombies (Ossuary)
  3 quokka skeletons
  A quokka zombie (D:5)
  5 rats
  4 rat simulacra (Ossuary)
  3 spectral goblins (Ossuary)
  2 spectral kobolds (Ossuary)
  A spectral orc (D:3)
  4 spectral rats (Ossuary)
  A briar patch (Swamp:4)
  4 fungi
  5 plants
1089 creatures vanquished.

Vanquished Creatures (collateral kills)
  2 redbacks (Spider:3)
  A spriggan (Swamp:2)
3 creatures vanquished.

Vanquished Creatures (others)
  A hydra (Swamp:4)
  A spriggan druid (Swamp:1)
  A lindwurm (Swamp:4)
  A deep elf mage (Elf:1)
  A wolf spider (Spider:3)
  A centaur skeleton (D:13)
  3 redbacks
  2 steam dragons (Swamp:4)
  2 swamp drakes (Swamp:4)
  2 orcs
  A briar patch (Swamp:4)
  A bush (Lair:6)
  9 fungi
  4 plants (Lair:6)
30 creatures vanquished.

Grand Total: 1122 creatures vanquished

Notes
Turn   | Place    | Note
-------+----------+-------------------------------------------
     0 | D:1      | Amplified the Gargoyle Venom Mage began the quest for the
                  | Orb.
     0 | D:1      | Reached XP level 1. HP: 10/10 MP: 3/3
   214 | D:1      | Reached XP level 2. HP: 11/16 MP: 1/5
   388 | D:1      | Learned a level 2 spell: Poisonous Vapours
   488 | D:1      | Reached skill level 1 in Fighting
   552 | D:1      | Reached XP level 3. HP: 13/20 MP: 0/6
   984 | D:2      | Noticed Terence
  1242 | D:3      | Found a shimmering altar of Xom.
  1243 | D:3      | Found a shimmering altar of Xom.
  1263 | D:3      | Found a shimmering altar of Xom.
  1263 | D:3      | Found a shimmering altar of Xom.
  1365 | D:3      | Reached XP level 4. HP: 25/25 MP: 5/7
  1535 | D:3      | Learned a level 3 spell: Mephitic Cloud
  1970 | D:3      | Learned a level 1 spell: Confusing Touch
  1977 | D:3      | Found a basalt altar of Yredelemnul.
  2075 | D:3      | Found a shimmering altar of Xom.
  2242 | D:2      | Reached skill level 1 in Air Magic
  2639 | D:2      | Killed Terence
  2639 | D:2      | Reached XP level 5. HP: 25/29 MP: 5/9
  3073 | D:4      | Reached XP level 6. HP: 35/35 MP: 10/10
  3284 | D:4      | Noticed Pikel
  3284 | D:4      | Noticed a slave
  3284 | D:4      | Noticed a slave
  3284 | D:4      | Noticed a slave
  3284 | D:4      | Noticed a slave
  3304 | D:5      | Entered Level 5 of the Dungeon
  3337 | D:5      | Killed a slave
  3351 | D:5      | Killed a slave
  3920 | D:4      | Killed Pikel
  3920 | D:4      | Reached skill level 2 in Axes
  3920 | D:4      | Reached XP level 7. HP: 38/41 MP: 6/13
  4634 | D:5      | Found a staircase to the Ecumenical Temple.
  4651 | Temple   | Entered the Ecumenical Temple
  4663 | Temple   | Reached skill level 3 in Axes
  4852 | Temple   | Became a worshipper of Vehumet
  4880 | D:5      | Reached XP level 8. HP: 45/47 MP: 10/15
  5000 | D:5      | Reached skill level 5 in Spellcasting
  5128 | D:5      | Reached skill level 4 in Axes
  5197 | D:5      | Identified a scroll of acquirement
  5407 | D:6      | Found a white marble altar of Elyvilon.
  5408 | D:6      | Noticed Blork the orc
  5410 | D:6      | Reached * piety under Vehumet
  5410 | D:6      | Offered knowledge of Magic Dart by Vehumet.
  5436 | D:6      | Killed Blork the orc
  5443 | D:6      | Reached skill level 5 in Axes
  5494 | D:6      | Found Seuciopi's Jewellery Emporium.
  5695 | D:6      | Reached skill level 5 in Fighting
  5695 | D:6      | Reached XP level 9. HP: 49/54 MP: 18/18
  5741 | D:7      | Noticed a cyclops
  5748 | D:7      | Killed a cyclops
  5875 | D:7      | Found a sand-covered staircase.
  5888 | Ossuary  | Entered an ossuary
  5932 | Ossuary  | Offered knowledge of Throw Frost by Vehumet.
  5938 | Ossuary  | Reached ** piety under Vehumet
  5993 | Ossuary  | Reached skill level 6 in Axes
  6135 | Ossuary  | Offered knowledge of Conjure Flame by Vehumet.
  6151 | Ossuary  | Learned a level 3 spell: Conjure Flame
  6218 | Ossuary  | Learned a level 4 spell: Olgreb's Toxic Radiance
  6294 | D:7      | Reached *** piety under Vehumet
  6327 | D:7      | Reached skill level 1 in Fire Magic
  6528 | D:7      | Offered knowledge of Stone Arrow by Vehumet.
  6775 | D:8      | Reached XP level 10. HP: 58/60 MP: 15/21
  6786 | D:8      | Reached skill level 7 in Axes
  6791 | D:8      | Reached skill level 5 in Poison Magic
  6796 | D:8      | Found a staircase to the Lair.
  6840 | D:8      | Reached **** piety under Vehumet
  6939 | D:8      | Offered knowledge of Iskenderun's Battlesphere by Vehumet.
  6967 | D:8      | Noticed a two-headed ogre
  6982 | D:8      | Killed a two-headed ogre
  7592 | D:9      | Reached skill level 8 in Axes
  7704 | D:9      | Reached XP level 11. HP: 53/67 MP: 16/23
  7732 | D:9      | Found a staircase to the Orcish Mines.
  7741 | D:9      | Reached ***** piety under Vehumet
  7741 | D:9      | Offered knowledge of Orb of Destruction by Vehumet.
  7760 | D:9      | Learned a level 7 spell: Orb of Destruction
  7868 | D:9      | Got an ivory trident
  7869 | D:9      | Identified the +6 trident of Epsuos {antimagic, MR+} (You
                  | found it on level 9 of the Dungeon)
  8162 | D:10     | Entered Level 10 of the Dungeon
  8186 | D:10     | Noticed a brown ugly thing
  8327 | Lair:1   | Entered Level 1 of the Lair of Beasts
  8334 | Lair:1   | Reached skill level 5 in Armour
  8904 | Lair:2   | Found an ornate altar of the Wu Jian Council.
  8930 | Lair:2   | Reached skill level 9 in Axes
  9628 | Lair:3   | Reached XP level 12. HP: 69/75 MP: 18/25
  9660 | Lair:3   | You fall into a shaft and drop 3 floors!
  9660 | Lair:6   | Entered Level 6 of the Lair of Beasts
  9686 | Lair:6   | Noticed an eight-headed hydra
  9689 | Lair:6   | Reached skill level 10 in Spellcasting
  9699 | Lair:6   | Killed an eight-headed hydra
  9769 | Lair:5   | Noticed Rupert
  9843 | Lair:5   | Reached skill level 10 in Axes
 10111 | Lair:4   | Reached skill level 5 in Dodging
 10121 | Lair:4   | Offered knowledge of Poison Arrow by Vehumet.
 10353 | Lair:4   | Found a hole to the Spider Nest.
 10822 | Lair:3   | Found a staircase to the Swamp.
 10847 | Lair:3   | Noticed a death yak
 10848 | Lair:3   | Noticed a death yak
 10848 | Lair:3   | Noticed a death yak
 10861 | Lair:3   | Killed a death yak
 10861 | Lair:3   | Reached XP level 13. HP: 80/80 MP: 27/27
 11662 | Lair:5   | Noticed Kirke
 11672 | Lair:5   | Reached skill level 11 in Axes
 11676 | Lair:5   | Killed Kirke
 12062 | Lair:5   | Paralysed by Rupert for 4 turns
 12071 | Lair:5   | Paralysed by Rupert for 4 turns
 12117 | Lair:6   | Noticed Sonja
 12143 | Lair:6   | Reached skill level 10 in Fighting
 12554 | Orc:1    | Entered Level 1 of the Orcish Mines
 12559 | Orc:1    | Noticed an orc warlord
 12568 | Orc:1    | Offered knowledge of Bolt of Magma by Vehumet.
 12732 | D:10     | Noticed an ogre mage
 12753 | D:10     | Killed an ogre mage
 13816 | D:11     | Gained mutation: Your large and strong wings let you fly
                  | indefinitely. [Gargoyle growth]
 13816 | D:11     | Reached XP level 14. HP: 88/88 MP: 29/29
 14490 | D:12     | Offered knowledge of Spellforged Servitor by Vehumet.
 14505 | D:12     | Learned a level 7 spell: Spellforged Servitor
 14531 | D:12     | Found a corrupted altar of Lugonu.
 14568 | D:12     | Reached skill level 12 in Axes
 14600 | D:12     | Reached skill level 1 in Summonings
 15033 | D:12     | Found a sacrificial altar of Ru.
 15056 | D:12     | Found a portal to a secret trove of treasure.
 15542 | D:13     | Noticed Josephine
 15562 | D:13     | Killed Josephine
 15564 | D:13     | Noticed Jorgrun
 16148 | Lair:6   | Reached ****** piety under Vehumet
 16626 | Lair:6   | Found a staircase to the Slime Pits.
 16684 | Lair:6   | Killed Sonja
 17738 | D:9      | Learned a level 2 spell: Blink
 17969 | Lair:6   | Paralysed by Rupert for 3 turns
 18280 | Orc:1    | Killed an orc warlord
 18280 | Orc:1    | Reached skill level 1 in Shields
 18411 | Orc:2    | Entered Level 2 of the Orcish Mines
 18414 | Orc:2    | Found a staircase to the Elven Halls.
 18552 | Orc:2    | Offered knowledge of Conjure Ball Lightning by Vehumet.
 18635 | Orc:2    | Found Xeliust's Magic Scroll Boutique.
 18756 | Orc:2    | Bought a scroll of teleportation for 45 gold pieces
 18756 | Orc:2    | Bought a scroll of blinking for 112 gold pieces
 18756 | Orc:2    | Bought a scroll of magic mapping for 52 gold pieces
 18756 | Orc:2    | Bought a scroll of fear for 52 gold pieces
 18756 | Orc:2    | Bought a scroll of fog for 30 gold pieces
 18892 | Orc:2    | Found Qutsij's Magic Scroll Shoppe.
 18893 | Orc:2    | Found Weihoit's Weapon Shoppe.
 18902 | Orc:2    | Reached XP level 15. HP: 79/95 MP: 9/31
 18916 | Orc:2    | Reached skill level 13 in Axes
 19067 | Orc:2    | Reached skill level 5 in Shields
 19260 | Orc:2    | Found Taviluqe's Gadget Shop.
 19282 | Orc:2    | Bought a scroll of teleportation for 48 gold pieces
 19282 | Orc:2    | Bought a scroll of teleportation for 48 gold pieces
 19282 | Orc:2    | Bought a scroll of blinking for 120 gold pieces
 19282 | Orc:2    | Bought a scroll of teleportation for 48 gold pieces
 19340 | Orc:2    | Found Maomety's Jewellery Emporium.
 19349 | Orc:2    | Bought a +3 amulet of reflection for 219 gold pieces
 19690 | Orc:1    | Noticed Harold
 19698 | Orc:1    | Offered knowledge of Ozocubu's Refrigeration by Vehumet.
 19704 | Orc:1    | Killed Harold
 19981 | D:13     | Found a runed translucent gate.
 19981 | D:13     | Found a runed translucent gate.
 20077 | D:13     | Found a runed translucent gate.
 20088 | D:13     | Noticed Xeymp's ghost (journeyman SpEn)
 20104 | D:13     | Killed Jorgrun
 20361 | D:13     | Noticed Azrael
 20749 | D:13     | Killed Azrael
 20812 | D:13     | Reached skill level 14 in Axes
 20857 | D:13     | Killed Xeymp's ghost
 21088 | D:14     | Found a gate to the Vaults.
 21620 | D:14     | Found a glowing golden altar of the Shining One.
 21691 | D:14     | Offered knowledge of Freezing Cloud by Vehumet.
 21701 | D:14     | Learned a level 6 spell: Freezing Cloud
 21785 | D:14     | Got a bloodstained leather armour
 21786 | D:14     | Identified the +1 leather armour "Wiph" {*Drain rC+ MR++}
                  | (You found it on level 14 of the Dungeon)
 22101 | D:15     | Entered Level 15 of the Dungeon
 22217 | D:15     | Reached XP level 16. HP: 92/103 MP: 20/32
 22491 | D:15     | Noticed a caustic shrike
 22491 | D:15     | an iron dragon changed into a caustic shrike
 22492 | D:15     | Noticed an acid blob
 22492 | D:15     | a caustic shrike changed into an acid blob
 23423 | Spider:1 | Entered Level 1 of the Spider Nest
 23925 | Swamp:1  | Entered Level 1 of the Swamp
 24084 | Swamp:1  | Reached skill level 15 in Axes
 27437 | Swamp:3  | Offered knowledge of Glaciate by Vehumet.
 27437 | Swamp:3  | Offered knowledge of Shatter by Vehumet.
 27437 | Swamp:3  | Offered knowledge of Ignition by Vehumet.
 27745 | Swamp:3  | Reached skill level 16 in Axes
 28072 | Swamp:4  | Entered Level 4 of the Swamp
 28227 | Swamp:4  | Noticed a thorn hunter
 30053 | Spider:2 | Reached XP level 17. HP: 111/111 MP: 29/33
 30485 | Spider:2 | Reached skill level 17 in Axes
 31975 | Spider:4 | Entered Level 4 of the Spider Nest
 32390 | Spider:4 | Reached skill level 18 in Axes
 32523 | Spider:4 | Learned a level 9 spell: Shatter
 33324 | Spider:4 | Got a gossamer rune of Zot
 33768 | Spider:4 | Noticed Arachne
 34301 | Elf:1    | Entered Level 1 of the Elven Halls
 34383 | Elf:1    | Reached XP level 18. HP: 98/117 MP: 30/34
 35162 | Elf:1    | Got a transparent war axe
 35341 | Elf:1    | You are sucked into a shaft and drop 1 floor!
 35353 | Elf:2    | HP: 1/118 [+3 halberd of flaming (5)]
 35356 | Elf:2    | Noticed a deep elf blademaster
 35359 | Elf:2    | Killed by miscasting Freezing Cloud

Levels and vault maps discovered:
D:1:      mrwooster_arrival_statue_3, layout_basic
D:2:      layout_basic, uniq_terence
D:3:      minmay_roachtagon, layout_loops_corners,
          yredelemnul_forgotten_temple_becter, xom_redecorated
D:4:      layout_basic, first_ration, uniq_pikel
D:5:      layout_basic, minmay_temple_entry_slanted
D:6:      layout_basic, elyvilon_altar_5, serial_shops, shop, uniq_blork_the_orc
D:7:      layout_basic, enter_ossuary_4
D:8:      layout_loops_ring, due_lair_maze_entry_diamond
D:9:      layout_long_grid, erik_orc_2, hangedman_pestilent_swarm
D:10:     layout_basic, serial_ice, serial_ice_d, serial_ice_k, serial_ice_a,
          serial_ice_b, serial_ice_h, serial_ice_m, enter_bailey_3, minivault_28
D:11:     layout_irregular_city
D:12:     kennysheep_kobold_lugonu_temple, layout_basic, enter_trove_0,
          basic_altar, centaur_isle
D:13:     layout_rooms, maelrawn_ghost_gauntlet_escape, uniq_jorgrun,
          uniq_azrael, uniq_josephine
D:14:     layout_loops_ring, skrybe_vaults_entry_preservation,
          nicolae_tso_carved_into_rock
D:15:     grunt_enter_depths_hoard, layout_basic, roderic_lattice_octagonal_star
Temple:   regret_index_temple_chain_breaker
Lair:1:   layout_concentric_octagons
Lair:2:   layout_cave_shapes, basic_altar, chequers_serial_rivers_small_3,
          minivault_27
Lair:3:   layout_cave_pods, minmay_swamp_entry_swarm
Lair:4:   layout_long_grid, nicolae_spider_entry_orb_guardian
Lair:5:   layout_long_grid, uniq_kirke, uniq_rupert
Lair:6:   minmay_lair_end_enchanted_forest, layout_gridlike,
          dpeg_slime_entry_corner, small_statue_intersection, uniq_sonja
Swamp:1:  layout_basic_swamp, evilmike_swamp_ruin_house_5
Swamp:2:  layout_falls_marsh, nicolae_swamp_orc_logging_accident, swamp_pool1
Swamp:3:  layout_basic_swamp, nicolae_swamp_round_clearing, swamp_pool1
Swamp:4:  swamp_fiery, layout_basic_swamp, portal_ice_cave_entry_pillars_2,
          swamp_pool3, uniq_donald
Spider:1: layout_spider_delve
Spider:2: layout_spider_delve, hangedman_spider_tarantella_strand
Spider:3: layout_spider_delve, nicolae_spider_ant_collections
Spider:4: johnstein_spider_rune_arachne_lair, nicolae_spider_webs_and_nodes,
          hangedman_stitches_earthworm
Orc:1:    layout_caves, uniq_harold
Orc:2:    st_orc_open, layout_caves, serial_shops, shop
Elf:1:    eino_elf_arrival_sip, layout_gridlike, kennysheep_underground_church
Elf:2:    layout_geoelf_grid, grunt_ministairs_2

Skill      XL: |  1  2  3  4  5  6  7  8  9 10 11 12 13 14 15 16 17 18 |
---------------+-------------------------------------------------------+-----
Fighting       | 1 2 3 5 6 7 8 9 10 11 12 14 | 14.8
Conjurations   | 2 3 |  3.4
Air Magic      | 1 |  1.8
Spellcasting   | 3 4 6 7 8 9 10 11 12 | 12.9
Poison Magic   | 4 5 |  5.1
Axes           | 2 3 5 6 8 9 10 11 12 14 16 18 | 18.0
Fire Magic     | 2 |  2.7
Armour         | 4 5 7 8 |  8.1
Dodging        | 3 5 7 9 |  9.0
Summonings     | 4 |  4.2
Shields        | 2 5 |  5.0
Stealth        | |  2.1

Action                   |  1- 3 |  4- 6 |  7- 9 | 10-12 | 13-15 | 16-18 || total
-------------------------+-------+-------+-------+-------+-------+-------++-------
Melee: Unarmed           |   162 |    44 |       |       |       |       ||   206
       Hand axe          |       |   338 |       |       |       |    43 ||   381
       Whip              |       |       |   150 |       |       |       ||   150
       Broad axe         |       |       |   235 |   353 |   918 |  1009 ||  2515
       Trident           |       |       |       |       |     5 |     8 ||    13
Throw: Dart              |     7 |     1 |     1 |     1 |     5 |     3 ||    18
 Cast: Sting             |    54 |    17 |       |       |       |       ||    71
       Poisonous Vapours |     1 |       |       |       |       |       ||     1
       Confusing Touch   |       |    13 |    11 |     9 |    51 |    81 ||   165
       Mephitic Cloud    |       |     4 |     1 |       |     2 |       ||     7
       Olgreb's Toxic Ra |       |       |     4 |    44 |   105 |   135 ||   288
       Conjure Flame     |       |       |       |       |     1 |       ||     1
 Abil: Fly               |       |       |       |       |     1 |       ||     1
Evoke: Wand              |       |     3 |       |     7 |    34 |     4 ||    48
  Use: Scroll            |     3 |     8 |     8 |    12 |    24 |    23 ||    78
       Potion            |     3 |     2 |     2 |     6 |     9 |    17 ||    39
 Stab: Confused          |       |    11 |     4 |     4 |    25 |    28 ||    72
       Sleeping          |       |       |     1 |       |     1 |       ||     2
  Eat: Chunk             |     1 |     5 |     4 |     9 |    13 |    12 ||    44
       Ration            |       |     2 |     2 |     3 |     8 |    10 ||    25
Armor: Ring mail         |    94 |   247 |   157 |   220 |   437 |   609 ||  1764
       Robe              |     2 |       |       |       |       |       ||     2
Dodge: Dodged            |   122 |   232 |   288 |   317 |   818 |   795 ||  2572
Block: Buckler           |       |       |       |       |   145 |   552 ||   697
       Reflection        |       |       |       |       |     3 |    14 ||    17
